 Dungeon Crawl Stone Soup version 0.25-a0-651-g8c222c7a2b (webtiles) character file.

Game seed: 3196011868923461356, levelgen mode: deterministic

9156 CryoSword the Blocker (level 11, -9/105 HPs)
             Began as a Troll Fighter on Mar 22, 2020.
             Was an Elder of Wu Jian.
             Killed from afar by an electric eel (11 damage)
             ... with a bolt of electricity
             ... on level 9 of the Dungeon.
             The game lasted 00:28:42 (7667 turns).

CryoSword the Blocker (Troll Fighter)               Turns: 7667, Time: 00:28:42

Health: -9/105     AC: 10    Str: 26    XL:     11   Next: 19%
Magic:  10/10      EV: 11    Int:  7    God:    Wu Jian [****..]
Gold:   409        SH: 13    Dex:  9    Spells: 10/10 levels left

rFire    . . .     SeeInvis +     - Unarmed
rCold    . . .     Gourm    +   b - +1 kite shield
rNeg     . . .     Faith    .   G - +0 acid dragon scales
rPois    .         Spirit   .   B - +0 hat {SInv}
rElec    .         Reflect  .   (no cloak)
rCorr    +         Harm     .   (gloves unavailable)
MR       .....                  (boots unavailable)
Stlth    +.........             (no amulet)
HPRegen  0.67/turn              y - ring of flight
MPRegen  0.12/turn              (no ring)

@: no status effects
A: large, unfitting armour, claws 3, fast metabolism 3, gourmand, regeneration
1, shaggy fur 1, tough skin 3
a: Wall Jump, Serpent's Lash, Renounce Religion, Evoke Flight


You were on level 9 of the Dungeon.
You worshipped Wu Jian.
Wu Jian was greatly pleased with you.
You were very full.

You visited 1 branch of the dungeon, and saw 9 of its levels.
You also visited: Sewer.

You collected 409 gold pieces.

Inventory:

Missiles
 g - 234 stones
 j - 27 poisoned darts
 l - 12 boomerangs (quivered)
Armour
 b - a +1 kite shield (worn)
 B - a +0 hat of see invisible (worn)
   (You took it off Gastronok on level 8 of the Dungeon)
 G - +0 acid dragon scales (worn)
   (You took it off Maggie on level 8 of the Dungeon)
Jewellery
 y - a ring of flight (left claw)
   (You found it on level 5 of the Dungeon)
Wands
 a - a wand of enslavement (6)
   (You found it on level 7 of the Dungeon)
 c - a wand of paralysis (10)
   (You found it on level 6 of the Dungeon)
 r - a wand of random effects (21)
   (You found it on level 7 of the Dungeon)
 w - a wand of scattershot (2)
   (You took it off Ijyb on level 3 of the Dungeon)
 C - a wand of acid (8)
   (You took it off Pikel on level 7 of the Dungeon)
 H - a wand of polymorph (8)
   (You found it on level 8 of the Dungeon)
Scrolls
 f - 2 scrolls of magic mapping {unknown}
 h - 3 scrolls of enchant weapon
 i - 2 scrolls of teleportation {@r4}
 k - 2 scrolls of immolation {!r}
 n - 7 scrolls of identify {@r1}
 p - a scroll of enchant armour
 s - 2 scrolls of fear {unknown}
 v - a scroll of blinking {unknown}
 x - 4 scrolls of amnesia
 K - a scroll of remove curse {unknown}
Potions
 e - a potion of heal wounds {@q2}
 m - a potion of magic {unknown}
 o - 2 potions of invisibility {unknown}
 q - a potion of mutation {unknown}
 t - 3 potions of haste {@q3}
 u - 6 potions of flight
 z - a potion of resistance {unknown}
 A - a potion of ambrosia {unknown}
 D - 2 potions of curing {unknown}
 E - 2 potions of brilliance {unknown}
 F - a potion of stabbing {unknown}
 I - a potion of might
Comestibles
 d - 15 rations {!d}


   Skills:
 + Level 5.8 Fighting
 + Level 1.4 Throwing
 + Level 5.8 Dodging
 - Level 10.2 Shields
 * Level 9.5 Unarmed Combat


You had 10 spell levels left.
You didn't know any spells.
Your spell library contained the following spells:

 Spells                   Type           Power        Failure   Level  Hunger
 Confusing Touch          Hex            #.......     86%         3    ####...
 Gell's Gravitas          Tloc           #.........   86%         3    ####...
 Petrify                  Tmut/Erth      #.......     99%         4    #####..
 Metabolic Englaciation   Hex/Ice        #.........   100%        5    ######.
 Yara's Violent Unravell  Hex/Tmut       #.........   100%        5    ######.


Dungeon Overview and Level Annotations

Branches:
Dungeon (9/15)             Temple (0/1) D:6           Sewer (visited)
   Lair: D:8-11         Orc: D:9-12

Altars:
Ashenzari
Elyvilon
Sif Muna
Wu Jian

Annotations:
D:5 2 runed translucent doors, CryoSword's ghost, novice DrTm
D:9 exclusions: electric eel and 1 more exclusion


Innate Abilities, Weirdness & Mutations

You are too large for most types of armour.
You have claws for hands.
Your metabolism is lightning-fast.
You like to eat raw meat.
Your natural rate of healing is unusually fast.
You are covered in fur. (AC +1)
You have extremely tough skin. (AC +3)


Message History

Throwing (i - inventory. (/) - cycle)
l - 13 boomerangs (quivered)
Press: ? - help, Shift-Dir - straight line, f/p - electric eel
Aim: an electric eel You throw a boomerang.
The boomerang misses the electric eel.
The boomerang hits the plant but does no damage.
Throwing (i - inventory. (/) - cycle)
l - 13 boomerangs (quivered)
Press: ? - help, Shift-Dir - straight line, f/p - electric eel
Aim: an electric eel You throw a boomerang.
The boomerang barely misses the electric eel.
The boomerang hits the plant but does no damage.
The electric eel shoots out a bolt of lightning at you!
The bolt of electricity misses you. The bolt of electricity hits you!
Throwing (i - inventory. (/) - cycle)
l - 13 boomerangs (quivered)
Press: ? - help, Shift-Dir - straight line, f/p - electric eel
Aim: an electric eel You throw a boomerang.
The boomerang closely misses the electric eel.
The boomerang hits the plant but does no damage.
The electric eel shoots out a bolt of lightning at you!
The bolt of electricity misses you. The bolt of electricity hits you.
Throwing (i - inventory. (/) - cycle)
l - 13 boomerangs (quivered)
Press: ? - help, Shift-Dir - straight line, f/p - electric eel
Aim: an electric eel You throw a boomerang.
The boomerang hits the electric eel!
The electric eel is severely wounded.
Throwing (i - inventory. (/) - cycle)
l - 12 boomerangs (quivered)
Press: ? - help, Shift-Dir - straight line, f/p - electric eel
Aim: an electric eel (severely wounded)
You throw a boomerang. The boomerang misses the electric eel.
The electric eel shoots out a bolt of lightning at you!
The bolt of electricity hits you!
The electric eel shoots out a bolt of lightning at you!
The bolt of electricity hits you.
Throwing (i - inventory. (/) - cycle)
l - 12 boomerangs (quivered)
Press: ? - help, Shift-Dir - straight line, f/p - electric eel
Aim: an electric eel (severely wounded)
You throw a boomerang. The boomerang hits the electric eel.
The electric eel is almost dead.
Throwing (i - inventory. (/) - cycle)
l - 12 boomerangs (quivered)
Press: ? - help, Shift-Dir - straight line, f/p - electric eel
Aim: an electric eel (almost dead)
You throw a boomerang. The boomerang hits the electric eel!
You kill the electric eel!
The Council accepts your kill.
You start resting.
HP restored.
You enter the shallow water.
Moving in this stuff is going to be slow.
The electric eel is too close now for your liking.
Throwing (i - inventory. (/) - cycle)
l - 12 boomerangs (quivered)
Press: ? - help, Shift-Dir - straight line, f - electric eel
Aim: an electric eel (hasn't noticed you)
You throw a boomerang. The boomerang misses the electric eel.
The electric eel shoots out a bolt of lightning at you!
The bolt of electricity hits you!
Throwing (i - inventory. (/) - cycle)
l - 12 boomerangs (quivered)
Press: ? - help, Shift-Dir - straight line, f/p - electric eel
Aim: an electric eel You throw a boomerang.
The boomerang barely misses the electric eel.
The electric eel shoots out a bolt of lightning at you!
The bolt of electricity hits you!
Throwing (i - inventory. (/) - cycle)
l - 12 boomerangs (quivered)
Press: ? - help, Shift-Dir - straight line, f/p - electric eel
Aim: an electric eel You throw a boomerang.
The boomerang misses the electric eel.
Throwing (i - inventory. (/) - cycle)
l - 12 boomerangs (quivered)
Press: ? - help, Shift-Dir - straight line, f/p - electric eel
Aim: an electric eel You throw a boomerang.
The boomerang closely misses the electric eel.
The electric eel shoots out a bolt of lightning at you!
The bolt of electricity misses you.
Throwing (i - inventory. (/) - cycle)
l - 12 boomerangs (quivered)
Press: ? - help, Shift-Dir - straight line, f/p - electric eel
Aim: an electric eel You throw a boomerang.
The boomerang completely misses the electric eel.
Throwing (i - inventory. (/) - cycle)
l - 12 boomerangs (quivered)
Press: ? - help, Shift-Dir - straight line, f/p - electric eel
Aim: an electric eel (water)
You throw a boomerang. The boomerang hits the electric eel.
The electric eel is lightly wounded.
Throwing (i - inventory. (/) - cycle)
l - 12 boomerangs (quivered)
Press: ? - help, Shift-Dir - straight line, f/p - electric eel
Aim: an electric eel (lightly wounded)
You throw a boomerang.
The boomerang barely misses the electric eel.
Throwing (i - inventory. (/) - cycle)
l - 12 boomerangs (quivered)
Press: ? - help, Shift-Dir - straight line, f/p - electric eel
Aim: an electric eel (water, lightly wounded)
You throw a boomerang. The boomerang misses the electric eel.
The electric eel shoots out a bolt of lightning at you!
The bolt of electricity misses you.
The electric eel shoots out a bolt of lightning at you!
The bolt of electricity hits you.
Throwing (i - inventory. (/) - cycle)
l - 12 boomerangs (quivered)
Press: ? - help, Shift-Dir - straight line, f/p - electric eel
Aim: an electric eel (water, lightly wounded)
You throw a boomerang.
The boomerang barely misses the electric eel.
The electric eel shoots out a bolt of lightning at you!
The bolt of electricity hits you!
Throwing (i - inventory. (/) - cycle)
l - 12 boomerangs (quivered)
Press: ? - help, Shift-Dir - straight line, f/p - electric eel
Aim: an electric eel (water, lightly wounded)
You throw a boomerang.
The boomerang closely misses the electric eel.
The electric eel shoots out a bolt of lightning at you!
The bolt of electricity hits you.
Throwing (i - inventory. (/) - cycle)
l - 12 boomerangs (quivered)
Press: ? - help, Shift-Dir - straight line, f/p - electric eel
Aim: an electric eel (water, lightly wounded)
You throw a boomerang. The boomerang misses the electric eel.
You enter the shallow water.
Moving in this stuff is going to be slow.
The electric eel shoots out a bolt of lightning at you!
The bolt of electricity hits you!
The electric eel shoots out a bolt of lightning at you!
The bolt of electricity hits you.
The electric eel shoots out a bolt of lightning at you!
The bolt of electricity hits you.
The electric eel shoots out a bolt of lightning at you!
The bolt of electricity hits you!
* * * LOW HITPOINT WARNING * * *
You claw the plant!
The plant is moderately damaged.
You closely miss the electric eel.
The electric eel is lightly wounded.
The electric eel shoots out a bolt of lightning at you!
The bolt of electricity misses you.
The electric eel shoots out a bolt of lightning at you!
The bolt of electricity hits you!
* * * LOW HITPOINT WARNING * * *
The electric eel shoots out a bolt of lightning at you!
The bolt of electricity hits the plant!
The bolt of electricity hits you.
* * * LOW HITPOINT WARNING * * *
The electric eel shoots out a bolt of lightning at you!
The bolt of electricity hits you.
* * * LOW HITPOINT WARNING * * *
The electric eel shoots out a bolt of lightning at you!
The bolt of electricity hits you!
* * * LOW HITPOINT WARNING * * *
The electric eel shoots out a bolt of lightning at you!
The bolt of electricity hits you!
* * * LOW HITPOINT WARNING * * *
The electric eel shoots out a bolt of lightning at you!
The bolt of electricity hits you!
You die...

......# #P..≈≈.[..#
####'## ##PP.P..P.#
.....# ##.....#.# ######
####P♣....# .....#
#......P.## .....#
###........#
.....####.'.......##
.....##...#......###
.....##.###.....@♣≈♣♣♣♣#
.....'..#
#.....≈≈≈≈♣≈P♣##
.....####
#.....≈≈≈;≈≈≈≈P♣♣ .....#
#.....≈≈≈≈≈≈≈≈≈≈≈ ...."#
#....♣≈P≈≈P≈≈≈≈≈≈≈≈≈
.....#
#...≈≈P≈≈P≈P≈≈≈≈≈P≈P
.....#
##..♣.≈≈.≈♣≈≈≈≈≈≈≈≈
######
##......≈......≈≈P≈
.>###
##.................#


You could see an electric eel.

Vanquished Creatures
  Gastronok (D:8)
  2 two-headed ogres
  Pikel (D:7)
  Psyche (D:8)
  Maggie (D:8)
  A hornet (D:8)
  4 yaks (D:9)
  A hungry ghost (D:6)
  Edmund (D:5)
  Duvessa (D:7)
  A water moccasin (D:8)
  3 orc warriors
  A slave (D:7)
  An ice beast (D:7)
  5 ogres
  2 sky beasts
  Purgy (Sewer)
  A necrophage (D:8)
  2 phantoms
  5 centaurs
  A crocodile (D:9)
  A big kobold (D:8)
  3 bullfrogs
  Dowan (D:7)
  4 scorpions
  10 wights
  2 electric eels (D:9)
  4 crimson imps
  A bullfrog zombie (D:9)
  A quasit (D:7)
  7 hounds
  3 orc priests
  A gnoll shaman (D:9)
  2 jellies
  7 orc wizards
  Ijyb (D:3)
  An iguana (D:8)
  5 worker ants
  A howler monkey zombie (D:6)
  A worker ant zombie (D:9)
  8 adders
  3 gnolls (D:9)
  A howler monkey skeleton (D:5)
  5 river rats
  3 shadow imps
  An adder zombie (D:8)
  11 worms
  5 dart slugs
  4 leopard geckos
  37 orcs
  8 bats
  5 giant cockroaches
  19 goblins
  5 hobgoblins
  12 jackals
  A quokka (D:7)
  3 ball pythons
  12 frilled lizards
  11 kobolds
  12 rats
259 creatures vanquished.

Vanquished Creatures (others)
  3 slaves (D:7)
  2 orcs (D:7)
5 creatures vanquished.

Grand Total: 264 creatures vanquished

Notes
Turn   | Place    | Note
-------+----------+-------------------------------------------
     0 | D:1      | CryoSword the Troll Fighter began the quest for the Orb.
     0 | D:1      | Reached XP level 1. HP: 22/22 MP: 0/0
    75 | D:1      | Reached XP level 2. HP: 29/29 MP: 1/1
   399 | D:1      | Reached XP level 3. HP: 36/36 MP: 2/2
   794 | D:2      | Reached skill level 3 in Shields
   927 | D:2      | Reached XP level 4. HP: 43/44 MP: 3/3
  1635 | D:2      | Reached XP level 5. HP: 31/50 MP: 4/4
  1759 | D:3      | Found a glowing drain.
  1766 | Sewer    | Entered a sewer
  1856 | Sewer    | Noticed Purgy
  1879 | Sewer    | Killed Purgy
  1879 | Sewer    | Reached skill level 4 in Shields
  1879 | Sewer    | Reached XP level 6. HP: 30/59 MP: 5/5
  2252 | D:3      | Noticed Ijyb
  2262 | D:3      | Killed Ijyb
  2477 | D:3      | Found an ornate altar of the Wu Jian Council.
  2519 | D:3      | Became a worshipper of the Wu Jian Council
  2753 | D:4      | Reached skill level 5 in Unarmed Combat
  2797 | D:4      | Reached skill level 5 in Shields
  2886 | D:4      | Reached XP level 7. HP: 66/66 MP: 6/6
  3028 | D:5      | Entered Level 5 of the Dungeon
  3041 | D:5      | Noticed Edmund
  3049 | D:5      | Killed Edmund
  3049 | D:5      | Reached * piety under Wu Jian
  3113 | D:5      | Reached skill level 6 in Shields
  3306 | D:5      | Reached XP level 8. HP: 73/74 MP: 7/7
  3325 | D:5      | Found a large runed translucent door.
  3326 | D:5      | Found a large runed translucent door.
  3329 | D:5      | Noticed CryoSword's ghost (novice DrTm)
  3761 | D:6      | Found a staircase to the Ecumenical Temple.
  3793 | D:6      | Noticed a two-headed ogre
  3803 | D:6      | Reached skill level 7 in Shields
  4167 | D:6      | Killed a two-headed ogre
  4167 | D:6      | Reached skill level 8 in Shields
  4167 | D:6      | Reached XP level 9. HP: 35/81 MP: 8/8
  4383 | D:6      | Reached ** piety under Wu Jian
  4877 | D:7      | Noticed Duvessa
  4877 | D:7      | Noticed Dowan
  4896 | D:7      | Killed Duvessa
  4922 | D:7      | Killed Dowan
  5116 | D:7      | Noticed Pikel
  5136 | D:7      | Killed Pikel
  5136 | D:7      | Reached skill level 9 in Shields
  5423 | D:7      | Reached XP level 10. HP: 94/94 MP: 9/9
  5792 | D:8      | Noticed Maggie
  5816 | D:8      | Killed Maggie
  5908 | D:8      | Reached *** piety under Wu Jian
  5990 | D:8      | Found a shimmering blue altar of Sif Muna.
  5994 | D:8      | Noticed a two-headed ogre
  6000 | D:8      | Killed a two-headed ogre
  6204 | D:8      | Noticed Psyche
  6206 | D:8      | Killed Psyche
  6206 | D:8      | Reached skill level 5 in Fighting
  6206 | D:8      | Reached skill level 5 in Dodging
  6671 | D:8      | Noticed Gastronok
  6689 | D:8      | Killed Gastronok
  6689 | D:8      | Reached skill level 10 in Shields
  6689 | D:8      | Reached XP level 11. HP: 104/104 MP: 10/10
  6737 | D:8      | Found a white marble altar of Elyvilon.
  6737 | D:8      | Found a shattered altar of Ashenzari.
  7276 | D:9      | Reached **** piety under Wu Jian
  7312 | D:9      | Reached skill level 1 in Throwing
  7666 | D:9      | HP: 1/105 [electric eel/bolt of electricity (15)]
  7667 | D:9      | Killed from afar by an electric eel

Levels and vault maps discovered:
D:1:      dpeg_arrival_more_subterranean_lakeside_camping, layout_rooms
D:2:      minmay_diamond_boxcup, layout_loops_ring, first_ration,
          glass_columns_b
D:3:      layout_basic, lemuel_doored_altar, lightli_sewer_entry_pipes,
          chequers_serial_rivers_micro_c, uniq_ijyb
D:4:      layout_layer_cave, minmay_rat_hole
D:5:      layout_basic, ebering_ghost_disaster_area, nicolae_underground_beach,
          uniq_edmund
D:6:      layout_basic, minmay_temple_entry_stoned_glass, minmay_ogre_servants
D:7:      layout_loops_ring, uniq_pikel, uniq_duvessa
D:8:      layout_layer_cave, nicolae_overflow_crystal_walls,
          gammafunk_temple_overflow_wave, grunt_decor_one_mirror,
          uniq_gastronok, uniq_psyche, uniq_maggie
D:9:      layout_roguey, serial_bayou, serial_bayou_pond_a, serial_bayou_ford_a,
          serial_bayou_pond_e, serial_bayou_pond_a

Skill      XL: |  1  2  3  4  5  6  7  8  9 10 11 |
---------------+----------------------------------+-----
Unarmed Combat | 3 4 5 6 7 8 9 |  9.5
Shields        | 3 4 5 6 8 9 10 | 10.2
Fighting       | 3 4 5 |  5.8
Dodging        | 3 4 5 |  5.8
Throwing       | 1 |  1.4

Action                   |  1- 3 |  4- 6 |  7- 9 | 10-12 || total
-------------------------+-------+-------+-------+-------++-------
Melee: Unarmed           |   116 |   258 |   265 |   258 ||   897
Throw: Boomerang         |       |     9 |       |    19 ||    28
       Dart              |       |       |       |     2 ||     2
Invok: Lunge             |       |     2 |    35 |    19 ||    56
       Whirlwind         |       |       |    51 |    51 ||   102
       Serpent's Lash    |       |       |       |     2 ||     2
  Use: Scroll            |       |     3 |     6 |       ||     9
       Potion            |       |       |     2 |       ||     2
 Stab: Sleeping          |       |     3 |     1 |       ||     4
  Eat: Chunk             |    14 |    19 |    29 |    20 ||    82
Armor: Robe              |    38 |    94 |    31 |     5 ||   168
       Acid dragon scale |       |       |       |    44 ||    44
Dodge: Dodged            |    43 |    75 |    54 |    61 ||   233
Block: Kite shield       |    46 |   112 |    97 |   105 ||   360

Table legend:
 A = Non-vault XP
 B = Vault XP
 C = Vault XP percentage of total XP
 D = Non-vault monster count
 E = Vault monster count
 F = Vault count percentage of total count
                 A         B        C        D         E       F
            +---------+---------+-------+---------+---------+-------
      Total |    8639 |    4441 |  34.0 |     214 |      44 |  17.1
            +---------+---------+-------+---------+---------+-------
        D:1 |      45 |       0 |   0.0 |      24 |       0 |   0.0
        D:2 |      74 |      67 |  47.5 |      22 |      12 |  35.3
        D:3 |     156 |      92 |  37.1 |      27 |       7 |  20.6
        D:4 |     361 |       0 |   0.0 |      20 |       0 |   0.0
        D:5 |     430 |     164 |  27.6 |      11 |       1 |   8.3
        D:6 |    2426 |     133 |   5.2 |      30 |       9 |  23.1
        D:7 |     746 |     886 |  54.3 |      18 |       3 |  14.3
        D:8 |    2311 |    2963 |  56.2 |      32 |       3 |   8.6
        D:9 |    2090 |       0 |   0.0 |      30 |       0 |   0.0
      Sewer |       0 |     136 | 100.0 |       0 |       9 | 100.0
            +---------+---------+-------+---------+---------+-------
